 Dungeon Crawl Stone Soup version 0.20.1-1-g8b1a95d (webtiles) character file.

26 NoNouf the Ruffian (level 2, -5/25 HPs)
             Began as a Draconian Transmuter on Aug 8, 2017.
             Engulfed by a cloud of blessed fire (21 damage)
             ... on level 2 of the Dungeon.
             The game lasted 00:07:54 (1099 turns).

NoNouf the Ruffian (Draconian Transmuter)           Turns: 1099, Time: 00:07:55

Health: -5/25      AC:  4    Str: 12    XL:     2   Next: 89%
Magic:  5/5        EV: 12    Int: 13    God:
Gold:   58         SH:  0    Dex: 11    Spells: 2/5 levels left

rFire    . . .     SeeInvis .     - Unarmed
rCold    . . .     Gourm    .   (no shield)
rNeg     . . .     Faith    .   (armour unavailable)
rPois    .         Spirit   .   (helmet restricted)
rElec    .         Reflect  .   (no cloak)
rCorr    .         Harm     .   (no gloves)
MR       .....                  (no boots)
Stlth    +.........             (no amulet)
Regen    0.1/turn               (no ring)
MPRegen  0.1/turn               (no ring)

@: glowing
A: unfitting armour, cold-blooded, AC +4
a: no special abilities


You were on level 2 of the Dungeon.
You were not hungry.

You visited 1 branch of the dungeon, and saw 2 of its levels.

You collected 58 gold pieces.

Inventory:

Hand Weapons
 k - a +1 dagger of electrocution
Missiles
 a - 49 arrows
Armour
 m - a +0 robe
Scrolls
 d - 3 scrolls of identify {unknown}
 h - a scroll of recharging {unknown}
 i - a scroll of teleportation {unknown}
 l - 2 scrolls of remove curse {unknown}
Potions
 e - 2 potions of curing {unknown}
 g - a potion of invisibility {unknown}
 o - a potion of flight {unknown}
Books
 b - a book of Changes

   Spells                             Type                      Level
   a - Beastly Appendage              Transmutation                1
   b - Sticks to Snakes               Transmutation                2
   c - Spider Form                    Transmutation/Poison         3
   d - Ice Form                       Ice/Transmutation            4
   e - Blade Hands                    Transmutation                5
Comestibles
 c - a bread ration
 f - 3 fruits
 j - 2 chunks of flesh
 n - a royal jelly
 p - a meat ration


   Skills:
 + Level 2.9 Fighting
 - Level 1.7 Dodging
 - Level 1.0 Stealth
 - Level 3.0 Unarmed Combat
 - Level 2.0 Spellcasting
 - Level 2.0 Transmutations


You had 2 spell levels left.
You knew the following spells:

 Your Spells              Type           Power        Failure   Level  Hunger
a - Beastly Appendage     Tmut           #.....       11%         1    ##.....
b - Sticks to Snakes      Tmut           #.......     17%         2    ###....


Dungeon Overview and Level Annotations

Branches:
Dungeon (2/15)

Altars:
The Shining One


Innate Abilities, Weirdness & Mutations

Your plain brown scales are hard. (AC +4)
You cannot fit into any form of body armour.
You are cold-blooded and may be slowed by cold attacks.


Message History

The frilled lizard closely misses you.
You hit the frilled lizard.
You kill the frilled lizard!
p - a meat ration You now have 58 gold pieces (gained 11).
You open the door.
Found a scroll labeled WOW VEBOERUO and a scroll labeled WUITAU TUKLAJ.
Found a glowing golden altar of the Shining One.
There is an open door here.
The angel shouts!
Really walk into that cloud of blessed fire?
Uppercase [Y]es or [N]o only, please.
Really walk into that cloud of blessed fire?
Really walk into a travel-excluded area?
You are engulfed in blessed fire.
You see here a scroll labeled WOW VEBOERUO.
l - 2 scrolls labeled WOW VEBOERUO (gained 1)
You are engulfed in blessed fire.
Ouch! That really hurt!
You die...

..........#
....#...###
.##.#...#.. #####
#........# ##A##
#........# #####
#.......## #§.§#
#......)# #._?#
#(......# #§.@#
#.......# #...#
#.....<)# #§.§#
#...(...# #...#
#.......# ###'###
####.......#
#.#.....###.......####
#.........#.......#
###.....#.........#
###+#####.......#


You could see an angel.

Vanquished Creatures
  An adder zombie (D:1)
  2 ball pythons (D:1)
  5 goblins
  3 hobgoblins
  4 jackals
  A bat (D:1)
  5 frilled lizards
  A kobold (D:1)
  A rat (D:1)
23 creatures vanquished.

Notes
Turn   | Place    | Note
-------+----------+-------------------------------------------
     0 | D:1      | NoNouf the Draconian Transmuter began the quest for the Orb.
     0 | D:1      | Reached XP level 1. HP: 16/16 MP: 3/3
   719 | D:1      | Reached XP level 2. HP: 24/24 MP: 5/5
   783 | D:1      | Reached skill level 1 in Stealth
  1071 | D:2      | Learned a level 2 spell: Sticks to Snakes
  1093 | D:2      | Found a glowing golden altar of the Shining One.
  1095 | D:2      | Noticed an angel
  1099 | D:2      | Engulfed by a cloud of blessed fire

Skill      XL: |  1  2 |
---------------+-------+-----
Stealth        | 1 |  1.0
Fighting       | 2 |  2.9
Dodging        | |  1.7
Unarmed Combat | |  3.0
Spellcasting   | |  2.0
Transmutations | |  2.0

Action                   || total
-------------------------++-------
Melee: Unarmed           ||    71
       Tailslap          ||     8
       Headbutt          ||     1
       Punch             ||     1
 Cast: Beastly Appendage ||     2
 Stab: Sleeping          ||     1
  Eat: Chunk             ||     1
Armor: Skin              ||    23
Dodge: Dodged            ||    46
